 Dungeon Crawl Stone Soup version 0.31.0-10-gcf4a605ca0 (webtiles) character file.

Game seed: 1772507591607682771

13674 sanka the Grappler (level 11, -2/95 (111) HPs)
             Began as a Troll Monk on Jan 25, 2024.
             Was a High Priest of Okawaru.
             Slain by a hell knight
             ... wielding a +2 great mace of draining
              (5 damage)
             ... on level 10 of the Dungeon.
             The game lasted 00:19:03 (8876 turns).

sanka the Grappler (Troll Monk)                     Turns: 8876, Time: 00:19:04

HP:   -2/95 (111)   AC: 14    Str: 21    XL:     11   Next: 78%
MP:   13/13         EV: 20    Int:  6    God:    Okawaru [*****.]
Gold: 407           SH:  0    Dex: 22    Spells: 10/10 levels left

rFire   . .          .
                       - Unarmed
rCold   . . .        c - orb {light}
rNeg    . . .        P - +0 steam dragon scales
rPois   .            (helmet restricted)
rElec   +            q - +0 cloak
rCorr   +            (gloves unavailable)
SInv    .            (boots unavailable)
Will    .....        (no amulet)
Stlth   +            N - ring "Caukysef" {rElec rCorr AC+4 Dex+6}
HPRegen 1.15/turn    L - +5 ring of evasion
MPRegen 0.13/turn

%: no passive effects
@: glowing, studying Dodging, heavily drained
A: large, unfitting armour, claws 3, regeneration 1, shaggy fur 1, tough skin 1
a: Renounce Religion, Heroism, Finesse, Duel


You were on level 10 of the Dungeon.
You worshipped Okawaru.
Okawaru was extremely pleased with you.
You visited 2 branches of the dungeon, and saw 11 of its levels.
You also visited: Sewer and Bailey.

You collected 944 gold pieces.
You spent 537 gold pieces at shops.


Innate Abilities, Weirdness & Mutations

You are too large for most types of armour.
You have claws for hands.
Your natural rate of healing is unusually fast.
You are covered in fur. (AC +1)
You have tough skin. (AC +1)


   Skills:
 - Level 8.0 Fighting
 + Level 7.7 Armour
 - Level 8.0 Dodging
 - Level 12.0 Unarmed Combat
 - Level 5.0 Invocations


You had 10 spell levels left.
You didn't know any spells.
Your spell library contained the following spells:

 Spells                   Type           Power      Damage    Failure   Level
 Sandblast                Erth           0%         2d4       45%         1
 Passwall                 Erth           0%         N/A       83%         3
 Stone Arrow              Conj/Erth      0%         3d7       83%         3
 Brom's Barrelling Bould  Conj/Erth      0%         2d3       99%         4
 Passage of Golubria      Tloc           0%         N/A       99%         4
 Silence                  Hex/Air        0%         N/A       100%        5
 Lehudib's Crystal Spear  Conj/Erth      0%         10d2      100%        8

Inventory:

Hand Weapons
 b - a +2 broad axe of flaming
Missiles
 O - 3 throwing nets {=f}
 R - 4 curare-tipped darts {=f}
Armour
 c - an orb of light (worn)
 h - an orb of wrath
 q - a +0 cloak (worn)
 J - +1 fire dragon scales
 P - +0 steam dragon scales (worn)
Magical Staves
 I - a staff of air
Jewellery
 g - a ring of flight
 j - a ring of protection from cold
 L - a +5 ring of evasion (right claw)
 N - the ring "Caukysef" (left claw) {rElec rCorr AC+4 Dex+6}

   [ring of protection]

   AC+4:      It affects your AC (+4).
   Dex+6:     It affects your dexterity (+6).
   rElec:     It insulates you from electricity.
   rCorr:     It protects you from acid and corrosion.
Talismans
 p - a beast talisman
Wands
 x - a wand of quicksilver (3)
 y - a wand of polymorph (19)
 D - a wand of flame (18)
 G - a wand of roots (14)
 M - a wand of mindburst (7)
Scrolls
 a - a scroll of brand weapon {unknown}
 d - 2 scrolls of noise {!r}
 e - 2 scrolls of torment {unknown}
 i - 6 scrolls of fear
 k - 3 scrolls of revelation
 m - 3 scrolls of teleportation {@r4}
 n - 4 scrolls of enchant armour
 r - 2 scrolls of vulnerability {!r}
 t - 3 scrolls of blinking
 B - 3 scrolls of enchant weapon
 K - a scroll of amnesia {unknown}
 Q - a scroll of fog
Potions
 f - a potion of cancellation {unknown}
 l - 3 potions of brilliance {unknown}
 o - 3 potions of haste {@q3}
 s - 2 potions of invisibility {unknown}
 u - 5 potions of heal wounds {@q2}
 v - 2 potions of resistance {unknown}
 w - 9 potions of curing {@q1}
 z - 2 potions of attraction {unknown}
 A - 3 potions of mutation {!q}
 C - 2 potions of lignification {unknown}
 E - 2 potions of magic {unknown}
 F - a potion of ambrosia
 H - a potion of might {unknown}
 S - 3 potions of enlightenment

Dungeon Overview and Level Annotations

Branches:
Dungeon (10/15)            Temple (1/1) D:4            Lair (0/5) D:10
    Orc (0/2) D:10          Sewer (visited)          Bailey (visited)

Altars:
Ashenzari
Cheibriados
Dithmenos
Elyvilon
Fedhas
Gozag
Hepliaklqana
Kikubaaqudgha
Makhleb
Nemelex Xobeh
Okawaru
Qazlal
Ru
Sif Muna
Trog
Uskayaw
Vehumet
Wu Jian
Xom
Yredelemnul
Zin
The Shining One

Shops:
D:6 !   D:8 : D:10

? ....▒.....'....▒ ..▒....▒
....▒▒▒▒'▒▒....▒.▒ ▒.▒....▒
...............▒.▒ ▒.▒.....
...............▒.▒ ▒.#....▒
...............▒.▒ ▒.≈....▒
..........▒▒▒▒.▒.▒ ▒.≈.▒▒▒▒
.▒▒▒▒▒▒▒▒.▒ ▒.▒.▒. .▒†≈.▒ ▒
.▒......▒.▒ ▒.▒p▒p▒▒▒▒▒.▒†≈.▒ ▒
.'..)...▒.▒ ▒▒.▒T▒..hhh..▒†▒.▒ ▒
.▒......▒.▒▒▒..▒.▒▒▒≈#≈▒▒▒.▒#▒ ▒
.▒......▒.▒▒...▒...........▒.▒▒▒▒
.▒......▒.▒▒.▒.▒▒▒▒▒▒▒▒▒▒▒▒▒)...▒
.▒▒▒▒+▒▒▒.......................▒
................................▒
..........<.....................▒
▒▒▒▒▒▒..........................▒
▒ ▒..........................▒


You could see a hell knight (fast).


Message History

The hell knight shouts!
The hell knight mumbles some strange prayers to its god.
The hell knight seems to speed up.
The hell knight calls down the wrath of its god upon you.
The bolt of fire misses you. The hell knight misses you.
The hell knight hits you but does no damage.
You feel drained.
You scratch the hell knight but do no damage.
The hell knight hits you with a +2 great mace of draining!!
You feel drained.
You scratch the hell knight but do no damage.
The hell knight misses you.
You claw the hell knight!
The hell knight is moderately wounded.
The hell knight hits you with a +2 great mace of draining!!
You feel drained.
* * * LOW HITPOINT WARNING * * *
You mangle the hell knight!!
The hell knight is heavily wounded.
The hell knight hits you with a +2 great mace of draining!!
* * * LOW HITPOINT WARNING * * *
You feel drained.
You mangle the hell knight!!
The hell knight is almost dead.
The hell knight mumbles some strange prayers to its god against you.
The bolt of fire hits you!!
* * * LOW HITPOINT WARNING * * *
The hell knight hits you with a +2 great mace of draining.
You die...

Action                     |  1- 3 |  4- 6 |  7- 9 | 10-12 || total
---------------------------+-------+-------+-------+-------++-------
  Melee: Unarmed           |    77 |   113 |   204 |   374 ||   768
         Punch             |       |       |       |     1 ||     1
 Invoke: Heroism           |       |       |     3 |     3 ||     6
    Use: Scroll            |       |       |     6 |     4 ||    10
   Stab: Distracted        |       |       |       |     1 ||     1
 Armour: Robe              |    50 |    69 |   109 |    32 ||   260
         Fire dragon scale |       |       |       |   166 ||   166
         Steam dragon scal |       |       |       |    65 ||    65
  Dodge: Dodged            |    32 |    49 |    92 |   243 ||   416

Levels and vault maps discovered:
D:1:      dpeg_arrival_boxes_within_box, layout_basic, nrook_loot_triangle
D:2:      layout_rooms, ebering_ecumenical_altar_abandoned,
          corexii_item_surrounded_by_moat
D:3:      layout_loops_ring, lemuel_doored_altar, portal_sewer_entry_e,
          minmay_fractal_squares_diagonal_5
D:4:      layout_loops_cross, tso_metal_star, mainiacjoe_overflow_catwalk,
          nicolae_hepliaklqana_hippocampus, minmay_temple_entry_ruins,
          uniq_pikel
D:5:      layout_loops_cross, hangedman_decor_opposing, uniq_menkaure, uniq_ijyb
D:6:      layout_basic, nicolae_overflow_crystal_walls, vehumet_crystals,
          serial_shops, shop, uniq_sigmund
D:7:      layout_loops_ring, mainiacjoe_overflow_alcove_2, enter_bailey_7,
          uniq_prince_ribbit1, uniq_maggie
D:8:      layout_rooms, general_overflow_altar, nemelex_spade_bored_becter,
          serial_shops, shop
D:9:      layout_rooms, mainiacjoe_overflow_alcove_4, cheibriados_altar_1,
          mainiacjoe_overflow_concentric_impassable, uniq_jeremiah, uniq_harold,
          uniq_joseph, uniq_erolcha
D:10:     layout_irregular_city, jmf_multi_god_temple2, lair_entry_dummy,
          erik_orc_3, serial_shops, shop, minmay_rotating_lava
Temple:   hellmonk_temple_rainy

Notes
Turn   | Place    | Note
-------+----------+-------------------------------------------
     0 | D:1      | sanka the Troll Monk began the quest for the Orb.
     0 | D:1      | Reached XP level 1. HP: 22/22 MP: 0/0
   649 | D:1      | Reached XP level 2. HP: 29/29 MP: 1/1
   795 | D:2      | Found a faded altar of an unknown god.
   971 | D:2      | Reached skill level 3 in Fighting
   989 | D:2      | Reached XP level 3. HP: 37/37 MP: 2/2
  1232 | D:3      | Found a basalt altar of Yredelemnul.
  1331 | D:3      | Reached skill level 4 in Unarmed Combat
  1392 | D:3      | Found a glowing drain.
  1401 | D:3      | Reached XP level 4. HP: 36/45 MP: 3/3
  1413 | Sewer    | Entered a sewer
  1540 | Sewer    | Noticed a brain worm
  1555 | Sewer    | Killed a brain worm
  1556 | Sewer    | Reached skill level 5 in Unarmed Combat
  1556 | Sewer    | Reached XP level 5. HP: 50/53 MP: 4/4
  1664 | Sewer    | Reached skill level 6 in Unarmed Combat
  1944 | D:3      | Reached XP level 6. HP: 52/61 MP: 5/5
  2380 | D:4      | Found a staircase to the Ecumenical Temple.
  2399 | Temple   | Entered the Ecumenical Temple
  2443 | D:4      | Found an iron altar of Okawaru.
  2468 | D:4      | Reached skill level 7 in Unarmed Combat
  2477 | D:4      | Became a worshipper of Warmaster Okawaru
  2477 | D:4      | Reached * piety under Okawaru
  2477 | D:4      | Reached ** piety under Okawaru
  2502 | D:4      | Reached skill level 1 in Invocations
  2576 | D:4      | Noticed Pikel
  2587 | D:4      | Killed Pikel
  2588 | D:4      | Reached skill level 8 in Unarmed Combat
  2588 | D:4      | Reached skill level 3 in Invocations
  2588 | D:4      | Reached XP level 7. HP: 59/67 MP: 5/8
  2792 | D:4      | Found a glowing golden altar of the Shining One.
  3177 | D:4      | Found a hazy altar of Hepliaklqana.
  3228 | D:5      | Entered Level 5 of the Dungeon
  3242 | D:5      | Reached skill level 4 in Invocations
  3242 | D:5      | Reached XP level 8. HP: 11/75 MP: 8/10
  3635 | D:5      | Reached skill level 9 in Unarmed Combat
  3636 | D:5      | Reached *** piety under Okawaru
  3727 | D:5      | Noticed Menkaure
  3727 | D:5      | Noticed Ijyb
  3733 | D:5      | Killed Ijyb
  3734 | D:5      | Reached skill level 5 in Invocations
  3737 | D:5      | Killed Menkaure
  3868 | D:5      | Reached skill level 10 in Unarmed Combat
  4060 | D:6      | Found Neunely's Distillery.
  4125 | D:6      | Reached XP level 9. HP: 76/81 MP: 11/11
  4151 | D:6      | Found an ancient bone altar of Kikubaaqudgha.
  4209 | D:6      | Identified the +8 quarterstaff "Iwnutt" {speed, rF- Str+3
                  | SInv}
  4288 | D:6      | Found a radiant altar of Vehumet.
  4316 | D:6      | Reached skill level 11 in Unarmed Combat
  4481 | D:6      | Noticed Sigmund
  4495 | D:6      | Killed Sigmund
  4495 | D:6      | Reached **** piety under Okawaru
  4809 | D:6      | Bought a potion of heal wounds for 55 gold pieces
  4809 | D:6      | Bought a potion of haste for 110 gold pieces
  4809 | D:6      | Bought a potion of curing for 33 gold pieces
  4809 | D:6      | Bought a potion of degeneration for 11 gold pieces
  4809 | D:6      | Bought a potion of mutation for 88 gold pieces
  4877 | D:7      | Found a flagged portal.
  4900 | Bailey   | Entered a bailey
  5028 | Bailey   | Reached skill level 12 in Unarmed Combat
  5065 | Bailey   | Reached skill level 4 in Fighting
  5082 | Bailey   | Noticed an orc knight
  5099 | Bailey   | Killed an orc knight
  5100 | Bailey   | Reached skill level 5 in Fighting
  5100 | Bailey   | Reached ***** piety under Okawaru
  5232 | Bailey   | Noticed an orc warlord
  5293 | Bailey   | Identified +1 fire dragon scales
  5308 | Bailey   | Reached skill level 6 in Fighting
  5308 | Bailey   | Reached XP level 10. HP: 43/98 MP: 9/12
  5431 | Bailey   | Acquired a manual of Dodging
  5604 | Bailey   | Killed an orc warlord
  5605 | Bailey   | Reached skill level 7 in Fighting
  5911 | D:7      | Reached skill level 3 in Dodging
  6049 | D:7      | Noticed Prince Ribbit
  6065 | D:7      | Killed Prince Ribbit
  6299 | D:7      | Found a bloodstained altar of Trog.
  6366 | D:7      | Identified +0 steam dragon scales
  6366 | D:7      | Noticed Maggie
  6387 | D:7      | Killed Maggie
  6388 | D:7      | Reached skill level 1 in Armour
  6388 | D:7      | Reached skill level 4 in Dodging
  6544 | D:7      | Received a gift from Okawaru
  6545 | D:7      | Reached skill level 8 in Fighting
  6652 | D:8      | Reached skill level 2 in Armour
  6656 | D:8      | Reached skill level 5 in Dodging
  6682 | D:8      | Reached skill level 3 in Armour
  6682 | D:8      | Reached skill level 6 in Dodging
  6925 | D:8      | Reached XP level 11. HP: 93/103 MP: 13/13
  7001 | D:8      | Found a sparkling altar of Nemelex Xobeh.
  7117 | D:8      | Found Ureubin's Book Emporium.
  7208 | D:8      | Found a broken altar of Ashenzari.
  7246 | D:9      | Noticed Harold
  7259 | D:9      | Killed Harold
  7260 | D:9      | Reached skill level 7 in Dodging
  7264 | D:9      | Noticed Joseph
  7275 | D:9      | Received a gift from Okawaru
  7276 | D:9      | Reached skill level 4 in Armour
  7289 | D:9      | Killed Joseph
  7319 | D:9      | Noticed Jeremiah
  7337 | D:9      | Killed Jeremiah
  7366 | D:9      | Identified the ring "Caukysef" {rElec rCorr AC+4 Dex+6}
  7517 | D:9      | Noticed Erolcha
  7526 | D:9      | Killed Erolcha
  7527 | D:9      | Reached skill level 5 in Armour
  7527 | D:9      | Reached skill level 8 in Dodging
  7646 | D:9      | Found a snail-covered altar of Cheibriados.
  7748 | D:9      | Found a burning altar of Makhleb.
  7792 | D:9      | Found a glowing silver altar of Zin.
  7896 | D:10     | Entered Level 10 of the Dungeon
  7949 | D:10     | Found Wuro's Magic Scroll Emporium.
  7981 | D:10     | Bought 2 scrolls of blinking for 240 gold pieces
  8098 | D:10     | Reached skill level 6 in Armour
  8140 | D:10     | Received a gift from Okawaru
  8197 | D:10     | Reached skill level 7 in Armour
  8218 | D:10     | Found a staircase to the Orcish Mines.
  8674 | D:10     | Found a staircase to the Lair.
  8761 | D:10     | Found a white marble altar of Elyvilon.
  8774 | D:10     | Found a stormy altar of Qazlal.
  8864 | D:10     | Noticed a hell knight
  8868 | D:10     | Noticed a hell knight
  8876 | D:10     | HP: 3/95 [hell knight/bolt of fire (22)]
  8876 | D:10     | Slain by a hell knight

Vanquished Creatures
  An orc warlord (Bailey)
  Harold (D:9)
  Erolcha (D:9)
  Pikel (D:4)
  An orc knight (Bailey)
  Joseph (D:9)
  Jeremiah (D:9)
  An unseen horror (D:10)
  Maggie (D:7)
  Prince Ribbit (D:7)
  2 hornets
  Sigmund (D:6)
  A wraith (D:10)
  2 wyverns
  2 shadows
  A warg (D:10)
  10 yaks
  Menkaure (D:5)
  An acid dragon (D:10)
  3 hell hounds (D:10)
  4 water moccasins
  A sky beast (D:6)
  18 orc warriors
  2 ice beasts
  5 ogres
  2 centaurs
  A lemure (D:4)
  2 phantoms
  5 bullfrogs
  5 kobold brigands
  2 brain worms (Sewer)
  A gnoll sergeant (D:5)
  A scorpion (D:5)
  5 wights (D:9)
  10 killer bees
  6 howler monkeys
  A bombardier beetle (D:4)
  5 hounds
  3 jellies
  5 orc priests
  4 sleepcaps
  Ijyb (D:5)
  7 orc wizards
  3 iguanas
  8 adders
  12 gnolls
  6 river rats
  3 white imps
  2 ufetubi (D:5)
  2 dart slugs
  2 ribbon worms (D:2)
  37 orcs
  12 ball pythons
  4 bats
  6 endoplasms
  2 giant cockroaches
  15 hobgoblins
  6 jackals
  21 kobolds
  A quokka (D:1)
  11 frilled lizards
  10 goblins
  11 rats
304 creatures vanquished.
